PCL
WALLA WALLA ALL-STARS @ MEXICO CITY CERVECEROS
08/05/2023
 
TOP OF THE 1ST
Walla Walla All-Stars batting - Pitching for Mexico City Cerveceros : RHP Roberto Matoza
Pitching: RHP Roberto Matoza
Batting: LHB Mike Young 0-0: Foul Ball, location: 2F
0-1: Ball
1-1: Fly out, F9 (Line Drive, 9D)
Batting: RHB Pablo Lucero 0-0: Ball
1-0: Ball
2-0: Ball
3-0: Called Strike
3-1: Called Strike
3-2: Foul Ball, location: 2F
3-2: Strikes out swinging
Batting: RHB Lorenzo Morín 0-0: Ball
1-0: Foul Ball, location: 2F
1-1: Ball
2-1: Foul Ball, location: 2F
2-2: Foul Ball, location: 2F
2-2: Ball
3-2: Fly out, F8 (Flyball, 78XD)
Top of the 1st over - 0 run(s), 0 hit(s), 0 error(s), 0 left on base; Walla Walla 0 - Mexico City 0
BOTTOM OF THE 1ST
Mexico City Cerveceros batting - Pitching for Walla Walla All-Stars : LHP Pedro Torres
Pitching: LHP Pedro Torres
Batting: RHB Randy Sheppard 0-0: Called Strike
0-1: Ball
1-1: Swinging Strike
1-2: Foul Ball, location: 2F
1-2: Ball
2-2: Foul Ball, location: 2F
2-2: Ground out 4-3 (Groundball, 6M)
Batting: RHB Roberto Zamora 0-0: Foul Ball, location: 2F
0-1: Foul Ball, location: 2F
0-2: Strikes out looking
Batting: LHB Tony Abete 0-0: Ball
1-0: Called Strike
1-1: Ball
2-1: Ball
3-1: Foul Ball, location: 2F
3-2: Base on Balls
Batting: RHB Dave Morgan 0-0: Swinging Strike
0-1: Called Strike
0-2: Strikes out swinging
Bottom of the 1st over - 0 run(s), 0 hit(s), 0 error(s), 1 left on base; Walla Walla 0 - Mexico City 0
TOP OF THE 2ND
Walla Walla All-Stars batting - Pitching for Mexico City Cerveceros : RHP Roberto Matoza
Batting: RHB Claudio Guerra 0-0: Called Strike
0-1: Ball
1-1: Foul Ball, location: 2F
1-2: Foul Ball, location: 2F
1-2: Strikes out looking
Batting: SHB Clinton Watson 0-0: Ball
1-0: Ball
2-0: Ball
3-0: Base on Balls
Batting: RHB Daniel Guerrero 0-0: Hit by Pitch
Clinton Watson to second
Batting: RHB Santiago Vallés 0-0: Swinging Strike
0-1: Called Strike
Clinton Watson steals 3rd base
Daniel Guerrero to second
0-2: Ball
1-2: Ball
2-2: Fly out, F3 (Popup, 34)
Batting: RHB Pablo Castillo 0-0: Called Strike
0-1: Ball
1-1: Foul Ball, location: 2F
1-2: Foul Ball, location: 2F
1-2: DOUBLE (Flyball, 7D)
Clinton Watson scores
Daniel Guerrero scores
Batting: LHB Bob Martin 0-0: Called Strike
0-1: Called Strike
0-2: Strikes out swinging
Top of the 2nd over - 2 run(s), 1 hit(s), 0 error(s), 1 left on base; Walla Walla 2 - Mexico City 0
BOTTOM OF THE 2ND
Mexico City Cerveceros batting - Pitching for Walla Walla All-Stars : LHP Pedro Torres
Batting: LHB Chad Weaver 0-0: Swinging Strike
0-1: Swinging Strike
0-2: Strikes out swinging
Batting: LHB Eduardo Gómez 0-0: Ball
1-0: Ball
2-0: Called Strike
2-1: Ball
3-1: SINGLE (Line Drive, 9S)
Batting: RHB Sadayoshi Kato 0-0: Ball
1-0: Swinging Strike
1-1: Called Strike
1-2: Ball
2-2: Strikes out looking
Batting: RHB Jorge González 0-0: Called Strike
0-1: Ball
1-1: Swinging Strike
1-2: Ball
2-2: Strikes out swinging
Bottom of the 2nd over - 0 run(s), 1 hit(s), 0 error(s), 1 left on base; Walla Walla 2 - Mexico City 0
TOP OF THE 3RD
Walla Walla All-Stars batting - Pitching for Mexico City Cerveceros : RHP Roberto Matoza
Batting: LHB Mike Young 0-0: Ball
1-0: Called Strike
1-1: Ground out 3-1 (Groundball, 34)
Batting: RHB Pablo Lucero 0-0: Ball
1-0: Fly out, F6 (Popup, 7LS)
Batting: RHB Lorenzo Morín 0-0: Ball
1-0: Called Strike
1-1: Ground out 6-3 (Groundball, 6M)
Top of the 3rd over - 0 run(s), 0 hit(s), 0 error(s), 0 left on base; Walla Walla 2 - Mexico City 0
BOTTOM OF THE 3RD
Mexico City Cerveceros batting - Pitching for Walla Walla All-Stars : LHP Pedro Torres
Batting: LHB Javier Escobedo 0-0: Ball
1-0: Foul Ball, location: 2F
1-1: Bunted foul
1-2: Foul Ball, location: 2F
1-2: Foul Ball, location: 2F
1-2: Foul Ball, location: 2F
1-2: Ball
2-2: Fly out, F5 (Popup, 5L)
Batting: RHB Randy Sheppard 0-0: Bunted foul
0-1: Ball
1-1: Swinging Strike
1-2: Ball
2-2: Fly out, F7 (Flyball, 78D)
Batting: RHB Roberto Zamora 0-0: Called Strike
0-1: Ball
1-1: Ball
2-1: SINGLE (Flyball, 8LS)
Batting: LHB Tony Abete 0-0: Foul Ball, location: 2F
0-1: Swinging Strike
0-2: Ball
1-2: Ball
2-2: Ball
3-2: Strikes out looking
Bottom of the 3rd over - 0 run(s), 1 hit(s), 0 error(s), 1 left on base; Walla Walla 2 - Mexico City 0
TOP OF THE 4TH
Walla Walla All-Stars batting - Pitching for Mexico City Cerveceros : RHP Roberto Matoza
Batting: RHB Claudio Guerra 0-0: Called Strike
0-1: Called Strike
0-2: Ball
1-2: Strikes out swinging
Batting: SHB Clinton Watson 0-0: Foul Ball, location: 2F
0-1: Ball
1-1: Swinging Strike
1-2: Foul Ball, location: 2F
1-2: Ball
2-2: Fly out, F8 (Flyball, 8RXD)
Batting: RHB Daniel Guerrero 0-0: Ball
1-0: Foul Ball, location: 2F
1-1: Swinging Strike
1-2: Strikes out swinging
Top of the 4th over - 0 run(s), 0 hit(s), 0 error(s), 0 left on base; Walla Walla 2 - Mexico City 0
BOTTOM OF THE 4TH
Mexico City Cerveceros batting - Pitching for Walla Walla All-Stars : LHP Pedro Torres
Batting: RHB Dave Morgan 0-0: Ball
1-0: Called Strike
1-1: Foul Ball, location: 2F
1-2: DOUBLE (Line Drive, 89XD)
Batting: LHB Chad Weaver 0-0: Called Strike
0-1: Swinging Strike
0-2: Ball
1-2: Foul Ball, location: 2F
1-2: Ball
Wild Pitch!
Dave Morgan to third
2-2: Foul Ball, location: 2F
2-2: Ball
3-2: Strikes out swinging
Batting: LHB Eduardo Gómez 0-0: Called Strike
0-1: SINGLE (Groundball, 34D)
Dave Morgan scores
Batting: RHB Sadayoshi Kato 0-0: Foul Ball, location: 2F
0-1: SINGLE (Flyball, 8RS)
Eduardo Gómez to second
Runner from 2nd tries for 3rd, SAFE, no throw or cutoff
Batting: RHB Jorge González 0-0: Ball
1-0: SINGLE (Groundball, 56D)
Eduardo Gómez scores
Sadayoshi Kato to second
Batting: LHB Javier Escobedo 0-0: Ball
Wild Pitch!
Sadayoshi Kato to third
Jorge González to second
1-0: SINGLE (Groundball, 56D)
Sadayoshi Kato scores
Jorge González to third
Runner from 3rd tries for Home, throw and OUT!
Javier Escobedo to second
Batting: RHB Randy Sheppard 0-0: DOUBLE (Line Drive, 7LS)
Javier Escobedo scores
Batting: RHB Roberto Zamora 0-0: Swinging Strike
0-1: Ground out 5-3 (Groundball, 56)
Bottom of the 4th over - 4 run(s), 6 hit(s), 0 error(s), 1 left on base; Walla Walla 2 - Mexico City 4
TOP OF THE 5TH
Walla Walla All-Stars batting - Pitching for Mexico City Cerveceros : RHP Roberto Matoza
Batting: RHB Santiago Vallés 0-0: Called Strike
0-1: Ball
1-1: Bunted foul
1-2: SINGLE (Flyball, 89S)
Batting: RHB Pablo Castillo 0-0: Ball
1-0: Called Strike
1-1: SINGLE (Line Drive, 3D)
Santiago Vallés to second
Runner from 2nd tries for 3rd, SAFE, throw made to third
Batting: LHB Bob Martin 0-0: Called Strike
0-1: Ball
1-1: Ground out 4-3 (Groundball, 4M)
Santiago Vallés scores
Pablo Castillo to second
Batting: LHB Mike Young 0-0: Ball
1-0: Ball
2-0: Ball
3-0: Called Strike
3-1: Called Strike
3-2: SINGLE (Line Drive, 6D)
Pablo Castillo to third
Batting: RHB Pablo Lucero 0-0: Ball
Mike Young steals 2nd base
1-0: Reached on error, E5 (Groundball, 5)
Pablo Castillo scores
Mike Young scores
Batting: RHB Lorenzo Morín 0-0: SINGLE (Line Drive, 56D)
Pablo Lucero to third
Runner from 3rd tries for Home, throw and OUT!
Lorenzo Morín to second
Batting: RHB Claudio Guerra 0-0: Ball
1-0: Foul Ball, location: 2F
1-1: Swinging Strike
1-2: Ball
2-2: Strikes out swinging
Top of the 5th over - 3 run(s), 4 hit(s), 1 error(s), 1 left on base; Walla Walla 5 - Mexico City 4
BOTTOM OF THE 5TH
Mexico City Cerveceros batting - Pitching for Walla Walla All-Stars : LHP Pedro Torres
Batting: LHB Tony Abete 0-0: Foul Ball, location: 2F
0-1: Fly out, F7 (Flyball, 78S)
Batting: RHB Dave Morgan 0-0: Called Strike
0-1: Ball
1-1: Ball
2-1: Foul Ball, location: 2F
2-2: Ball
3-2: Foul Ball, location: 2F
3-2: SINGLE (Line Drive, 8RS)
Pitching: RHP León Trevino
Batting: LHB Chad Weaver 0-0: Called Strike
0-1: SINGLE (Groundball, 56D)
Dave Morgan to second
Batting: LHB Eduardo Gómez 0-0: DOUBLE (Line Drive, 89D)
Dave Morgan scores
Chad Weaver to third
Batting: RHB Sadayoshi Kato 0-0: Ball
1-0: Swinging Strike
1-1: Ball
2-1: Swinging Strike
2-2: Foul Ball, location: 2F
2-2: Foul Ball, location: 2F
2-2: Strikes out swinging
Batting: RHB Jorge González 0-0: Ball
1-0: Ball
2-0: Called Strike
2-1: Fly out, F9 (Flyball, 89M)
Bottom of the 5th over - 1 run(s), 3 hit(s), 0 error(s), 2 left on base; Walla Walla 5 - Mexico City 5
TOP OF THE 6TH
Walla Walla All-Stars batting - Pitching for Mexico City Cerveceros : RHP Roberto Matoza
Pitching: RHP Glen Brewer
Batting: SHB Clinton Watson 0-0: Foul Ball, location: 2F
0-1: Ball
1-1: Ball
2-1: Fly out, F8 (Flyball, 8RM)
Batting: RHB Daniel Guerrero 0-0: Ball
1-0: Fly out, F9 (Flyball, 9M)
Batting: RHB Santiago Vallés 0-0: SINGLE (Line Drive, 7S)
Batting: RHB Pablo Castillo 0-0: Swinging Strike
0-1: SINGLE (Line Drive, 89S)
Santiago Vallés to second
Batting: LHB Bob Martin 0-0: Ball
1-0: Ball
2-0: Swinging Strike
2-1: Swinging Strike
2-2: Ball
3-2: Base on Balls
Santiago Vallés to third
Pablo Castillo to second
Batting: LHB Mike Young 0-0: Called Strike
0-1: Ball
1-1: Ball
2-1: Foul Ball, location: 2F
2-2: Ball
3-2: Strikes out looking
Top of the 6th over - 0 run(s), 2 hit(s), 0 error(s), 3 left on base; Walla Walla 5 - Mexico City 5
BOTTOM OF THE 6TH
Mexico City Cerveceros batting - Pitching for Walla Walla All-Stars : RHP León Trevino
Batting: LHB Javier Escobedo 0-0: Bunt missed!
0-1: Ball
1-1: Ball
2-1: Swinging Strike
2-2: Ball
3-2: Base on Balls
Batting: RHB Randy Sheppard 0-0: SINGLE (Groundball, 6MD)
Javier Escobedo to second
Runner from 2nd tries for 3rd, SAFE, throw made to third
Batting: RHB Roberto Zamora 0-0: Ball
1-0: Ball
2-0: Ball
3-0: Called Strike
3-1: Swinging Strike
3-2: Base on Balls
Randy Sheppard to second
Batting: LHB Tony Abete 0-0: Called Strike
0-1: Called Strike
0-2: Foul Ball, location: 2F
0-2: Ball
1-2: Foul Ball, location: 2F
1-2: Foul Ball, location: 2F
1-2: Fly out, F9 (Flyball, 89M)
Runner from 3rd tags up, SCORES, no throw
Batting: RHB Dave Morgan 0-0: Ball
Randy Sheppard steals 3rd base
Roberto Zamora to second
1-0: Swinging Strike
1-1: Foul Ball, location: 2F
1-2: Strikes out looking
Batting: LHB Chad Weaver 0-0: Foul Ball, location: 2F
0-1: Ball
1-1: Ball
2-1: Swinging Strike
2-2: Foul Ball, location: 2F
2-2: Ball
3-2: Foul Ball, location: 2F
3-2: Foul Ball, location: 2F
3-2: Base on Balls
Batting: LHB Eduardo Gómez 0-0: Ball
1-0: Ball
2-0: Ground out 4-3 (Groundball, 4)
Bottom of the 6th over - 1 run(s), 1 hit(s), 0 error(s), 3 left on base; Walla Walla 5 - Mexico City 6
TOP OF THE 7TH
Walla Walla All-Stars batting - Pitching for Mexico City Cerveceros : RHP Glen Brewer
Batting: RHB Pablo Lucero 0-0: Called Strike
0-1: Swinging Strike
0-2: Strikes out swinging
Batting: RHB Lorenzo Morín 0-0: Ball
1-0: Called Strike
1-1: Ball
2-1: Ground out 6-3 (Groundball, 6S)
Batting: RHB Claudio Guerra 0-0: Called Strike
0-1: Foul Ball, location: 2F
0-2: Ball
1-2: Ball
2-2: Ball
3-2: Foul Ball, location: 2F
3-2: Foul Ball, location: 2F
3-2: Foul Ball, location: 2F
3-2: Base on Balls
Batting: SHB Clinton Watson 0-0: Ball
1-0: Foul Ball, location: 2F
1-1: Foul Ball, location: 2F
1-2: Ball
2-2: Ground out 4-3 (Groundball, 34)
Top of the 7th over - 0 run(s), 0 hit(s), 0 error(s), 1 left on base; Walla Walla 5 - Mexico City 6
BOTTOM OF THE 7TH
Mexico City Cerveceros batting - Pitching for Walla Walla All-Stars : RHP León Trevino
Batting: RHB Sadayoshi Kato 0-0: Ball
1-0: Ball
2-0: Foul Ball, location: 2F
2-1: Ball
3-1: Ground out 4-3 (Groundball, 4MS)
Pitching: RHP Ricky Gutiérrez
Batting: RHB Jorge González 0-0: Called Strike
0-1: Ball
1-1: Ball
2-1: Foul Ball, location: 2F
2-2: Foul Ball, location: 2F
2-2: Ball
3-2: Fly out, F4 (Popup, 4M)
Batting: LHB Javier Escobedo 0-0: Called Strike
0-1: Swinging Strike
0-2: SINGLE (Groundball, 56D)
Pinch Hitting: LHB Luka Lagerweij 0-0: Ball
1-0: Ball
Wild Pitch!
Javier Escobedo to second
2-0: Called Strike
2-1: Ball
3-1: Called Strike
3-2: Foul Ball, location: 2F
3-2: Base on Balls
Pinch Hitting: RHB Pablo Trujillo 0-0: Ball
1-0: Called Strike
1-1: Foul Ball, location: 2F
1-2: Foul Ball, location: 2F
1-2: Strikes out swinging
Bottom of the 7th over - 0 run(s), 1 hit(s), 0 error(s), 2 left on base; Walla Walla 5 - Mexico City 6
TOP OF THE 8TH
Walla Walla All-Stars batting - Pitching for Mexico City Cerveceros : RHP Glen Brewer
Pitching: RHP Jared Cameron
Now at SS: George Howard
Now in LF: Luka Lagerweij
Batting: RHB Daniel Guerrero 0-0: Ball
1-0: Called Strike
1-1: Ball
2-1: SINGLE (Line Drive, 8LS)
Batting: RHB Santiago Vallés 0-0: Sac Bunt - play at first, batter OUT! 5-4
Daniel Guerrero to second
Pinch Hitting: LHB Ricardo Romero 0-0: Ball
1-0: Foul Ball, location: 2F
1-1: Ball
2-1: Ball
3-1: Base on Balls
Batting: LHB Bob Martin 0-0: Ball
1-0: Called Strike
1-1: Ball
Balk!
Daniel Guerrero to third
Ricardo Romero to second
2-1: Swinging Strike
2-2: Strikes out looking
Batting: LHB Mike Young 0-0: Ball
1-0: Called Strike
1-1: Called Strike
1-2: Strikes out swinging
Top of the 8th over - 0 run(s), 1 hit(s), 0 error(s), 2 left on base; Walla Walla 5 - Mexico City 6
BOTTOM OF THE 8TH
Mexico City Cerveceros batting - Pitching for Walla Walla All-Stars : RHP Ricky Gutiérrez
Now at 3B: Ricardo Romero
Batting: LHB Tony Abete 0-0: Ball
1-0: Ball
2-0: Called Strike
2-1: Fly out, F5 (Popup, 25F)
Batting: RHB Dave Morgan 0-0: Foul Ball, location: 2F
0-1: Foul Ball, location: 2F
0-2: Foul Ball, location: 2F
0-2: Ball
1-2: Ball
2-2: Ball
3-2: Ground out 6-3 (Groundball, 56)
Batting: LHB Chad Weaver 0-0: Called Strike
0-1: Fly out, F5 (Popup, 5SF)
Bottom of the 8th over - 0 run(s), 0 hit(s), 0 error(s), 0 left on base; Walla Walla 5 - Mexico City 6
TOP OF THE 9TH
Walla Walla All-Stars batting - Pitching for Mexico City Cerveceros : RHP Jared Cameron
Pitching: RHP Howard Joyce
Batting: RHB Pablo Lucero 0-0: Called Strike
0-1: Swinging Strike
0-2: Strikes out looking
Batting: RHB Lorenzo Morín 0-0: Fly out, F4 (Popup, 4)
Batting: RHB Claudio Guerra 0-0: Foul Ball, location: 2F
0-1: Ball
1-1: Swinging Strike
1-2: Ball
2-2: Strikes out swinging
Top of the 9th over - 0 run(s), 0 hit(s), 0 error(s), 0 left on base; Walla Walla 5 - Mexico City 6
This league is powered by Out of the Park Baseball, the baseball management simulation game for PC, Mac and Linux
Wednesday, December 2nd, 2015 - OOTP Baseball 16.8 Build 38